 Dungeon Crawl Stone Soup version 0.28-a0-793-g31680bbd8b (webtiles) character file.

Game seed: 11487129500777493109

3834 ragingrage the Grappler (level 9, 0/68 HPs)
             Began as a Demonspawn Chaos Knight on Nov 4, 2021.
             Was a Plaything of Xom.
             Slain by a gnoll sergeant (3 damage)
             ... on level 7 of the Dungeon.
             The game lasted 00:14:57 (10857 turns).

ragingrage the Grappler (Demonspawn Chaos Knight)  Turns: 10857, Time: 00:14:58

Health: 0/68       AC:  7    Str: 15    XL:     9   Next: 98%
Magic:  9/9        EV: 24    Int: 20    God:    Xom [...*..]
Gold:   312        SH:  0    Dex: 13    Spells: 8/8 levels left

rFire   . . .      SeeInvis .     - Unarmed
rCold   + . .      Faith    .   (no shield)
rNeg    . . .      Spirit   .   a - +1 scale mail {rC+}
rPois   .          Reflect  .   (no helmet)
rElec   .          Harm     .   (no cloak)
rCorr   .          Rampage  .   (no gloves)
Will    .....                   (no boots)
Stlth   ..........              e - amulet of the acrobat
HPRegen 0.21/turn               p - +6 ring of intelligence
MPRegen 0.22/turn               (no ring)

@: acrobatic
A: claws 2, hooves 1, demonic guardian 1, magic regeneration, screaming 1
a: Renounce Religion


You were on level 7 of the Dungeon.
You worshipped Xom.
You were a favourite toy of Xom.
You visited 1 branch of the dungeon, and saw 7 of its levels.
You also visited: Ossuary and Bailey.

You collected 312 gold pieces.

Inventory:

Missiles
 j - 20 poisoned darts (quivered)
Armour
 a - a +1 scale mail of cold resistance (worn)
 h - a +1 leather armour of poison resistance
Jewellery
 e - an amulet of the acrobat (around neck)
 p - a +6 ring of intelligence (left claw)
Wands
 d - a wand of flame (6)
 k - a wand of iceblast (11)
 v - a wand of charming (1)
Scrolls
 c - 4 scrolls of teleportation
 g - 2 scrolls of holy word
 i - a scroll of blinking {unknown}
 l - a scroll of immolation {unknown}
 o - a scroll of vulnerability
 q - a scroll of noise {unknown}
 r - 7 scrolls of identify
 s - a scroll of silence {unknown}
 y - a scroll of acquirement
 B - a scroll of enchant weapon {unknown}
 C - a scroll of fog {unknown}
Potions
 b - 4 potions of cancellation
 f - 5 potions of curing
 m - a potion of flight {unknown}
 n - 3 potions of heal wounds
 t - a potion of lignification {unknown}
 u - a potion of berserk rage {unknown}
 w - a potion of might {unknown}
 x - 2 potions of magic {unknown}
 z - 3 potions of mutation {unknown}
 A - a potion of brilliance {unknown}
 D - 2 potions of invisibility


   Skills:
 - Level 5.0 Fighting
 - Level 1.7 Armour
 - Level 0.8 Dodging
 * Level 12.7 Unarmed Combat
 + Level 1.5 Evocations


You had 8 spell levels left.
You didn't know any spells.
Your spell library contained the following spells:

 Spells                   Type           Power      Damage    Failure   Level
 Foxfire                  Conj/Fire      0%         2x1d4     58%         1
 Conjure Flame            Conj/Fire      0%         6-21      92%         3
 Inner Flame              Hex/Fire       0%         N/A       92%         3
 Flame Wave               Conj/Fire      0%         3d3       100%        4


Dungeon Overview and Level Annotations

Branches:
Dungeon (7/15)             Temple (0/1) D:4         Ossuary (visited)
 Bailey (visited)

Altars:
Ashenzari
Dithmenos
Gozag
Makhleb
Trog
Vehumet
Xom
Yredelemnul
The Shining One

Shops:
D:2 :?

Annotations:
D:4 4 runed translucent doors, exclusion: downstairs, Crazy Yiuf; gimp's ghost, novice DsCA


Innate Abilities, Weirdness & Mutations

You have very sharp fingernails.
You have large cloven feet.
A weak demonic guardian rushes to your aid.
You regenerate magic rapidly.
You occasionally shout uncontrollably at your foes.


Message History

The gnoll sergeant hits you with a +0 spear.
You are too injured to fight recklessly!
You are too injured to fight recklessly!
You barely miss the gnoll sergeant.
The gnoll sergeant is almost dead.
The gnoll barely misses you.
The gnoll sergeant hits you but does no damage.
You are too injured to fight recklessly!
The gnoll sergeant blocks your attack.
The gnoll sergeant is almost dead.
A gnoll comes into view. It is wielding a +0 spear.
The gnoll barely misses you.
The gnoll sergeant hits you with a +0 spear!
The gnoll sergeant blocks your attack.
Your claw misses the gnoll sergeant.
The gnoll sergeant is almost dead.
The gnoll hits you but does no damage. The gnoll sergeant blocks your attack.
You kick the gnoll sergeant, but do no damage.
The gnoll sergeant is almost dead.
You scratch the gnoll sergeant.
The gnoll sergeant is almost dead.
The gnoll barely misses you.
The gnoll sergeant hits you with a +0 spear!
* * * LOW HITPOINT WARNING * * *
You scratch the gnoll sergeant but do no damage.
You kick the gnoll sergeant, but do no damage.
The gnoll sergeant is almost dead.
The gnoll barely misses you. The gnoll hits you but does no damage.
You scratch the gnoll sergeant but do no damage.
The gnoll sergeant is almost dead.
The gnoll sergeant hits you with a +0 spear.
* * * LOW HITPOINT WARNING * * *
The gnoll hits you from afar with a +0 spear.
* * * LOW HITPOINT WARNING * * *
A demonic guardian appears!
The gnoll hits you with a +0 whip!
* * * LOW HITPOINT WARNING * * *
Xom is mildly amused.
The gnoll sergeant hits you with a +0 spear.
You die... "It's all fun and games until someone loses an eye."

#.###
#............#,,,,,,,,,,
#.#####
##.####......#,,,,,,,,,,
#.....# #.#
#......#,,,,,,,,,, #####.#
#.# #......#***+****** #.#
#.# ######.#**,,,** ** #.#
#.# #.#*,,,,,***, #.#
#.#########.#,,,,,,,**, #.#
#......gg.#.#,,,,,,,*,,
#>#######..5@..g..#,,,,,,,*,,
#.........#####.#.#*,,,,,**,,
####.###### #.#.#**,,,***,,
#.# #.#.#****** *,* #.#
#.#......#***,, #.##
#.#......gg,,,, #..#
#.#.#######**,,
##.###########.# *,,
#.#,/.........## *,,


You could see a gnoll sergeant (ally target), 2 gnolls and a friendly white imp
(summoned).

Vanquished Creatures
  A boulder beetle (D:6)
  Grinder (D:4)
  2 steam dragons (D:7)
  Menkaure (D:5)
  Edmund (D:4)
  Duvessa (D:5)
  An orc warrior (Bailey)
  5 ogres
  2 centaurs
  2 kobold brigands
  2 elf zombies (Ossuary)
  A wyvern zombie (D:5)
  4 scorpions
  A water moccasin zombie (D:5)
  Dowan (D:5)
  7 wights
  2 bullfrog zombies (D:5)
  A centaur zombie (Ossuary)
  2 hounds
  An orc priest (D:5)
  3 bullfrog skeletons (D:6)
  A human zombie (Ossuary)
  2 iguanas
  4 orc wizards
  2 mummies (Ossuary)
  A howler monkey zombie (D:7)
  14 gnolls
  A howler monkey skeleton (D:5)
  4 adders
  A white imp (D:6)
  An ufetubus (D:6)
  4 worms
  21 orcs
  5 ball pythons
  A bat (D:1)
  6 endoplasms
  2 giant cockroaches
  7 goblins
  12 hobgoblins
  2 quokkas
  2 frilled lizards
  A goblin zombie (Ossuary)
  10 hobgoblin zombies (Ossuary)
  2 jackal zombies (Ossuary)
  23 kobolds
  6 kobold zombies (Ossuary)
  10 orc zombies (Ossuary)
  7 rats
  2 rat zombies (Ossuary)
196 creatures vanquished.

Vanquished Creatures (collateral kills)
  2 gnolls (Bailey)
  An adder zombie (Ossuary)
  An orc (D:4)
  A hobgoblin (Bailey)
  3 kobolds
8 creatures vanquished.

Vanquished Creatures (others)
  An adder (D:4)
1 creature vanquished.

Grand Total: 205 creatures vanquished

Notes
Turn   | Place    | Note
-------+----------+-------------------------------------------
     0 | D:1      | ragingrage the Demonspawn Chaos Knight began the quest for
                  | the Orb.
     0 | D:1      | Reached XP level 1. HP: 18/18 MP: 1/1
   117 | D:1      | XOM: divination: detect items
   256 | D:1      | Found a faded altar of an unknown god.
   318 | D:1      | Reached skill level 3 in Unarmed Combat
   422 | D:1      | Discovered your monstrous ancestry.
   422 | D:1      | Gained mutation: You have sharp fingernails. [demonic
                  | ancestry]
   422 | D:1      | Reached XP level 2. HP: 17/24 MP: 2/2
   575 | D:1      | XOM: divination: detect items
   787 | D:2      | Found Horet's Magic Scroll Emporium.
   816 | D:2      | XOM: silly message
   839 | D:2      | Gained mutation: You have very sharp fingernails. [demonic
                  | ancestry]
   839 | D:2      | Reached XP level 3. HP: 29/29 MP: 3/3
   933 | D:2      | XOM: 4-stop teleportation journey
   976 | D:2      | Reached skill level 4 in Unarmed Combat
  1224 | D:2      | XOM: smoke on damage
  1628 | D:2      | XOM: give mutation
  1628 | D:2      | Gained mutation: You occasionally shout uncontrollably at
                  | your foes. [Xom's mischief]
  1672 | D:2      | Found a burning altar of Makhleb.
  1909 | D:2      | Found Vumej's Book Boutique.
  2002 | D:2      | XOM is BORED!
  2002 | D:2      | XOM: torment (16/29 hp)
  2174 | D:3      | XOM: 1-stop teleportation journey
  2185 | D:3      | XOM: enchant monster (bad)
  2191 | D:3      | Gained mutation: You regenerate magic rapidly. [demonic
                  | ancestry]
  2191 | D:3      | Reached XP level 4. HP: 33/35 MP: 4/4
  2229 | D:3      | XOM: chaos upgrade
  2232 | D:3      | Reached skill level 5 in Unarmed Combat
  2935 | D:3      | You fall into a shaft and drop 3 floors!
  2956 | D:6      | Reached XP level 5. HP: 29/41 MP: 5/5
  3045 | D:6      | XOM: 1-stop teleportation journey
  3048 | D:6      | Noticed an ogre
  3056 | D:5      | Entered Level 5 of the Dungeon
  3204 | D:5      | Reached skill level 6 in Unarmed Combat
  3205 | D:5      | Noticed an ogre
  3208 | D:5      | XOM: cast spell 'Alistair's Intoxication'
  3212 | D:5      | Killed an ogre
  3213 | D:5      | Reached XP level 6. HP: 33/47 MP: 6/6
  3498 | D:5      | Noticed Menkaure
  3498 | D:5      | Noticed Duvessa
  3498 | D:5      | Noticed Dowan
  3499 | D:5      | XOM: butterfly on damage
  3740 | D:4      | Reached skill level 7 in Unarmed Combat
  3975 | D:4      | Found a broken altar of Ashenzari.
  4048 | D:4      | XOM: butterfly on damage
  4074 | D:4      | XOM: cast spell 'Call Canine Familiar'
  4078 | D:4      | Gained mutation: A weak demonic guardian rushes to your
                  | aid. [demonic ancestry]
  4078 | D:4      | Reached XP level 7. HP: 31/52 MP: 7/7
  4349 | D:4      | Found a runed translucent gate.
  4349 | D:4      | Found a runed translucent gate.
  4349 | D:4      | Found a runed translucent gate.
  4350 | D:4      | Noticed gimp's ghost (novice DsCA)
  4427 | D:4      | XOM: noise
  4971 | D:4      | Found a runed translucent door.
  4972 | D:4      | Noticed Crazy Yiuf
  5124 | D:4      | XOM: cloud trail
  5229 | D:4      | Noticed Edmund
  5241 | D:4      | HP: 2/47 [Edmund (5)]
  5247 | D:4      | Killed Edmund
  5248 | D:4      | Reached skill level 8 in Unarmed Combat
  5287 | D:4      | XOM: god gift: flail {god gift}
  5571 | D:4      | Found a radiant altar of Vehumet.
  5831 | D:4      | Found a staircase to the Ecumenical Temple.
  5953 | D:4      | XOM: silly message
  5981 | D:5      | Killed Menkaure
  6025 | D:4      | Noticed Grinder
  6153 | D:4      | Paralysed by Grinder for 3 turns
  6161 | D:4      | XOM: potion effect (brilliance)
  6163 | D:4      | XOM: cast spell 'Olgreb's Toxic Radiance'
  6176 | D:4      | Paralysed by Grinder for 6 turns
  6184 | D:4      | Killed Grinder
  6185 | D:4      | Reached skill level 9 in Unarmed Combat
  6185 | D:4      | Gained mutation: You have large cloven feet. [demonic
                  | ancestry]
  6185 | D:4      | Reached XP level 8. HP: 29/58 MP: 8/8
  6285 | D:4      | XOM: divination: magic mapping
  6745 | D:5      | XOM: noise
  6753 | D:5      | Killed Dowan
  6882 | D:4      | XOM: cloud trail
  6921 | D:5      | XOM: scenery: summon butterflies
  7072 | D:6      | Reached skill level 10 in Unarmed Combat
  7190 | D:6      | XOM: summons 3 hostile shadow creatures
  7419 | D:5      | XOM: repel stairs
  7468 | D:5      | Found an opulent altar of Gozag.
  7641 | D:5      | XOM: confusion (+ monsters)
  7655 | D:5      | Killed Duvessa
  7852 | D:5      | Found a bloodstained altar of Trog.
  8045 | D:5      | Reached XP level 9. HP: 66/66 MP: 9/9
  8474 | D:6      | XOM: summons 2 hostile demons
  8498 | D:6      | XOM: divination: detect items
  8686 | D:7      | Found a sand-covered staircase.
  8691 | Ossuary  | Entered an ossuary
  8991 | Ossuary  | Reached skill level 11 in Unarmed Combat
  9002 | Ossuary  | Reached skill level 5 in Fighting
  9153 | D:7      | XOM: silly message
  9160 | D:7      | Found a shadowy altar of Dithmenos.
  9189 | D:7      | Found a flagged portal.
  9306 | Bailey   | XOM: noise
  9306 | Bailey   | Entered a bailey
  9965 | Bailey   | XOM: divination: detect items
 10266 | D:7      | Noticed a boulder beetle
 10267 | D:7      | XOM: silly message
 10288 | D:7      | XOM: summons friendly iron imp
 10292 | D:7      | XOM: potion effect (heal wounds)
 10302 | D:7      | XOM: potion effect (brilliance)
 10315 | D:6      | Killed a boulder beetle
 10316 | D:6      | Reached skill level 12 in Unarmed Combat
 10420 | D:7      | XOM is BORED!
 10420 | D:7      | XOM: 1-stop teleportation journey
 10484 | D:7      | XOM: cloud trail
 10533 | D:7      | Found a basalt altar of Yredelemnul.
 10624 | D:7      | Reached skill level 1 in Evocations
 10651 | D:7      | Found a shimmering altar of Xom.
 10856 | D:7      | HP: 3/68 [gnoll (8)]
 10857 | D:7      | Slain by a gnoll sergeant

Illustrated notes

Levels and vault maps discovered:
D:1:      minmay_arrival_nine_rooms, layout_basic,
          shapermc_ecumenical_altar_mp_ritualfount
D:2:      layout_loops_ring, basic_altar, serial_shops, nicolae_shop_stone,
          nicolae_shop_stone
D:3:      layout_basic, hangedman_abyss_or_decor_stabs
D:4:      layout_loops_ring, kennysheep_mini, vehumet_altar_wand_db,
          lemuel_temple_firewalk_b, ebering_ghost_rock_garden,
          hangedman_decor_slide_cut, kennysheep_generic_room_13,
          uniq_crazy_yiuf_cottage, uniq_grinder, uniq_edmund
D:5:      layout_basic, trog_butcher_becter, nicolae_tso_swordbearing_angel,
          nicolae_gozag_cash_rules_everything_around_me, uniq_menkaure,
          uniq_duvessa
D:6:      layout_cave_pools, minmay_curled_crystal, grunt_decor_one_mirror
D:7:      minmay_opposing_rooms, layout_loops_ring, amcnicky_altar_gilded,
          mainiacjoe_overflow_24_doors, bloody_makhleb, xom_teletrap_fun,
          enter_bailey_8, enter_ossuary_1, nicolae_elemental_shop, uniq_maggie

Skill      XL: |  1  2  3  4  5  6  7  8  9 |
---------------+----------------------------+-----
Unarmed Combat | 3 4 5 6 7 9 10 12 | 12.7
Fighting       | 4 5 |  5.0
Evocations     | 1 |  1.5
Armour         | |  1.7
Dodging        | |  0.8

Action                   |  1- 3 |  4- 6 |  7- 9 || total
-------------------------+-------+-------+-------++-------
Melee: Unarmed           |    98 |   124 |   369 ||   591
       Punch             |     1 |     2 |    15 ||    18
       Kick              |       |       |    82 ||    82
Throw: Dart              |       |    15 |    12 ||    27
       Throwing net      |       |     1 |     3 ||     4
Evoke: Wand              |       |     3 |    28 ||    31
  Use: Scroll            |       |     3 |     7 ||    10
       Potion            |       |       |     2 ||     2
 Stab: Petrified         |       |       |     4 ||     4
Armor: Leather armour    |    28 |    16 |     2 ||    46
       Robe              |       |     4 |     5 ||     9
       Scale mail        |       |       |    77 ||    77
Dodge: Dodged            |    39 |    50 |   187 ||   276

Table legend: (Time is in decaauts)
 A = Elapsed time spent in this place.
 B = Non-inter-level travel time spent in this place.
 C = Inter-level travel time spent in this place.
 D = Time resting spent in this place.
 E = Time spent auto-exploring this place.
 F = Levels seen in this place.
 G = Mean time per level.
                   A        B        C        D        E       F      G
               +--------+--------+--------+--------+--------+-----+--------+
         Total |  10776 |  10389 |    387 |   2272 |   6341 |   9 | 1197.3 |
       Dungeon |   9527 |   9140 |    387 |   1950 |   5773 |   7 | 1361.0 |
       Ossuary |    391 |    391 |      0 |      0 |    254 |   1 |  391.0 |
        Bailey |    858 |    858 |      0 |    322 |    314 |   1 |  858.0 |
               +--------+--------+--------+--------+--------+-----+--------+

Top non-repeatable levels by time:
     D:4: 2613 daAuts
     D:5: 1730 daAuts
     D:3: 1364 daAuts
     D:2: 1251 daAuts
     D:6: 948 daAuts
  Bailey: 858 daAuts
     D:7: 858 daAuts
     D:1: 760 daAuts
 Ossuary: 391 daAuts
